Map: Curious Minds LE

Players

DoubleZee

  • Race: Protoss Protoss
  • League: Diamond
  • Spawn Location: 11:00

Pumba - Winner!

  • Race: Protoss Protoss
  • League: Diamond
  • Spawn Location: 5:00

VOD

Have the link to the VOD?

Description

Time

  • Played on: Feb. 15, 2022, 9:56 p.m.
  • Length: 9:24
Show
View Real Time Build Order
Export as new Build Order

DoubleZee Protoss 

Build Orders: Blink Stalkers 

Get SALT Encoding   

  12  0:00  Probe  
  13  0:13  Probe  
  14  0:21  Pylon  
  14  0:25  Probe  
  15  0:40  Probe (Chrono Boost), Gateway  
  16  0:48  Probe (Chrono Boost)  
  16  0:49  Assimilator  
  17  0:54  Probe  
  18  1:06  Probe (Chrono Boost)  
  18  1:08  Assimilator  
  20  1:19  Probe (Chrono Boost)  
  20  1:20  Pylon  
  20  1:31  Cybernetics Core  
  20  1:37  Gateway  
  20  1:41  Probe  
  21  1:54  Probe  
  22  2:02  Nexus  
  22  2:06  Warp Gate (Chrono Boost)  
  22  2:12  Probe  
  23  2:24  Probe  
  23  2:27  Stalker  
  26  2:32  Stalker  
  26  2:36  Probe  
  29  2:40  Pylon  
  29  2:48  Probe  
  30  2:51  Twilight Council  
  30  3:00  Probe  
  31  3:07  Stalker (Chrono Boost)  
  33  3:22  Shield Battery  
  35  3:27  Probe x2  
  35  3:29  Stalker (Chrono Boost)  
  37  3:40  Probe x2  
  39  3:46  Stalker  
  41  3:51  Blink (Chrono Boost)  
  41  3:57  Stalker  
  41  3:58  Probe x2  
  45  4:08  Shield Battery  
  45  4:10  Probe x2  
  47  4:22  Robotics Facility, Probe x2  
  48  4:26  Stalker  
  44  4:34  Probe x2  
  33  4:46  Probe x2  
  32  4:53  Pylon  
  32  4:58  Probe  
  33  5:03  Probe  
  34  5:10  Probe  
  35  5:15  Probe  
  36  5:23  Probe (Chrono Boost)  
  36  5:25  Stalker  
  36  5:27  Probe (Chrono Boost)  
  40  5:34  Stalker, Pylon  
  40  5:35  Probe (Chrono Boost)  
  43  5:37  Probe (Chrono Boost)  
  43  5:40  Probe (Chrono Boost)  
  43  5:42  Probe (Chrono Boost)  
  45  5:49  Probe  
  47  5:53  Observer, Probe  
  49  5:58  Stalker  
  49  6:01  Probe  
  52  6:05  Probe  
  53  6:13  Probe (Chrono Boost)  
  53  6:18  Probe (Chrono Boost)  
  55  6:22  Assimilator  
  55  6:25  Probe (Chrono Boost)  
  56  6:26  Assimilator  
  56  6:30  Probe (Chrono Boost)  
  57  6:34  Probe (Chrono Boost)  
  57  6:36  Nexus, Probe (Chrono Boost)  
  57  6:38  Pylon  
  57  6:39  Probe  
  59  6:44  Forge  
  59  6:45  Probe  
  59  6:46  Forge  
  61  6:53  Pylon  
  61  6:58  Stalker  
  61  6:59  Stalker  
  65  7:04  Robotics Facility  
  65  7:10  Probe x2  
  65  7:14  Protoss Ground Armor Level 1 (Chrono Boost)  
  67  7:16  Protoss Ground Weapons Level 1 (Chrono Boost)  
  67  7:23  Gateway  
  66  7:31  Gateway  
  66  7:33  Probe x2  
  68  7:40  Stalker x2  
  72  7:46  Observer  
  72  7:47  Probe x2 (Chrono Boost)  
  75  7:52  Probe (Chrono Boost)  
  77  7:59  Shield Battery  
  77  8:02  Probe x2 (Chrono Boost)  
  77  8:03  Probe (Chrono Boost)  
  79  8:07  Warp Prism  
  79  8:09  Probe x2  
  79  8:11  Probe  
  84  8:16  Pylon  
  84  8:19  Stalker  
  86  8:20  Stalker, Pylon  
  82  8:38  Stalker  
  70  8:42  Stalker x2  
  70  8:44  Stalker  
Show
View Real Time Build Order
Export as new Build Order

Pumba Protoss - Winner!

Build Orders: Oracle Opening 

Get SALT Encoding   

  12  0:00  Probe  
  13  0:12  Probe  
  14  0:21  Pylon  
  14  0:25  Probe  
  15  0:39  Probe (Chrono Boost)  
  15  0:40  Gateway  
  17  0:50  Probe (Chrono Boost)  
  17  0:54  Probe (Chrono Boost), Assimilator  
  18  1:05  Probe (Chrono Boost)  
  18  1:08  Assimilator  
  19  1:15  Probe (Chrono Boost)  
  20  1:20  Probe (Chrono Boost)  
  20  1:23  Gateway  
  21  1:28  Cybernetics Core  
  21  1:32  Probe  
  22  1:43  Pylon  
  22  1:44  Probe  
  23  2:01  Probe  
  24  2:06  Warp Gate, Stalker  
  26  2:10  Stalker  
  28  2:27  Nexus  
  28  2:32  Pylon  
  28  2:36  Probe  
  29  2:45  Stargate  
  29  2:53  Probe  
  30  2:59  Adept  
  30  3:00  Adept  
  34  3:17  Probe  
  35  3:27  Oracle (Chrono Boost)  
  35  3:28  Pylon  
  35  3:29  Probe (Chrono Boost)  
  39  3:40  Probe (Chrono Boost)  
  40  3:46  Shield Battery  
  40  3:47  Probe (Chrono Boost)  
  41  3:50  Probe (Chrono Boost)  
  41  3:54  Probe x2 (Chrono Boost), Stalker  
  41  3:55  Stalker  
  48  4:06  Probe (Chrono Boost)  
  50  4:10  Forge  
  50  4:11  Probe (Chrono Boost)  
  50  4:13  Twilight Council  
  50  4:42  Stalker x2  
  51  4:53  Void Ray (Chrono Boost)  
  51  4:59  Robotics Facility  
  55  5:01  Gateway  
  55  5:02  Gateway, Pylon  
  55  5:06  Pylon  
  55  5:07  Stalker  
  55  5:08  Pylon  
  55  5:19  Probe x2  
  55  5:29  Sentry  
  55  5:31  Probe  
  55  5:32  Assimilator  
  55  5:33  Probe  
  55  5:34  Assimilator  
  59  5:42  Protoss Ground Weapons Level 1 (Chrono Boost)  
  59  5:43  Probe  
  60  5:50  Pylon  
  60  5:53  Probe  
  60  5:55  Probe  
  60  5:57  Blink (Chrono Boost)  
  63  6:06  Warp Prism  
  63  6:10  Stalker  
  65  6:11  Zealot  
  65  6:12  Zealot x2  
  65  6:18  Probe x2  
  73  6:24  Pylon  
  73  6:28  Nexus  
  73  6:30  Probe  
  73  6:31  Pylon  
  75  6:32  Probe  
  75  6:42  Observer, Probe  
  77  6:50  Gateway  
  77  6:52  Gateway  
  77  6:53  Gateway  
  77  6:54  Gateway  
  77  6:58  Pylon  
  77  7:12  Probe x2  
  79  7:18  Stalker x3  
  79  7:21  Shield Battery  
  85  7:24  Probe  
  85  7:25  Probe  
  87  7:36  Stalker  
  90  7:38  Probe (Chrono Boost)  
  90  7:40  Probe (Chrono Boost)  
  90  7:43  Probe (Chrono Boost)  
  92  7:46  Stalker x2  
  97  7:53  Stalker x2  
  97  7:54  Probe (Chrono Boost)  
  97  7:55  Probe (Chrono Boost)  
  102  8:04  Stalker x3  
  108  8:12  Pylon  
  108  8:13  Pylon  
  108  8:14  Pylon  
  108  8:15  Pylon  
  108  8:17  Stalker  
  102  8:55  Stalker  
  102  8:56  Stalker x7  
  102  8:59  Observer (Chrono Boost)  
  119  9:20  Pylon  
  119  9:23  Pylon  
Tags
 
Add a new tag
Caveats
  • Supply blocks, unpowered buildings, or Contaminate may cause inaccurate times.
  • Supply counts are checked every 10 seconds.